Map: Neon Violet Square LE

Players

Infamous

  • Race: Protoss Protoss
  • League: Silver
  • Spawn Location: 5:00

ReformedXD - Winner!

  • Race: Zerg Zerg
  • League: Silver
  • Spawn Location: 11:00

VOD

Have the link to the VOD?

Description

Time

  • Played on: March 18, 2018, 9:12 p.m.
  • Length: 18:59
Show
View Real Time Build Order
Export as new Build Order

Infamous Protoss 

Build Orders:  

Get SALT Encoding   

  12  0:01  Probe  
  13  0:13  Probe  
  14  0:19  Pylon  
  14  0:26  Probe  
  15  0:42  Gateway  
  15  0:44  Probe  
  16  0:56  Probe  
  17  1:09  Probe, Assimilator  
  18  1:25  Probe (Chrono Boost)  
  19  1:31  Cybernetics Core  
  19  1:33  Zealot  
  19  1:37  Probe (Chrono Boost)  
  22  1:48  Probe (Chrono Boost)  
  23  1:59  Assimilator  
  22  2:06  Pylon, Warp Gate (Chrono Boost)  
  22  2:13  Probe  
  23  2:26  Probe  
  23  2:29  Stalker  
  26  2:38  Probe  
  27  2:50  Probe  
  28  2:53  Gateway  
  28  2:54  Gateway  
  28  3:04  Pylon  
  30  3:05  Sentry  
  30  3:08  Probe, Robotics Facility  
  31  3:22  Probe  
  32  3:30  Pylon  
  32  3:36  Probe  
  33  3:48  Probe, Twilight Council  
  34  3:55  Twilight Council  
  34  3:58  Observer  
  35  4:07  Probe  
  36  4:11  Stalker x2  
  36  4:12  Stalker  
  42  4:32  Pylon  
  42  4:35  Nexus  
  42  4:36  Stalker x2  
  46  4:51  Probe, Charge (Chrono Boost)  
  47  5:11  Shield Battery  
  47  5:30  Sentry x2  
  47  5:31  Zealot  
  47  5:35  Probe  
  54  5:47  Probe  
  55  5:50  Gateway  
  55  5:52  Gateway  
  55  5:56  Shield Battery  
  55  5:58  Probe  
  55  5:59  Probe  
  48  6:33  Probe  
  48  6:34  Probe  
  50  6:45  Robotics Bay  
  50  6:46  Probe  
  51  6:56  Probe  
  51  6:58  Probe  
  51  7:00  Gateway  
  53  7:07  Forge x2  
  53  7:10  Zealot x5  
  63  7:17  Assimilator  
  63  7:19  Assimilator  
  63  7:21  Immortal (Chrono Boost)  
  63  7:24  Resonating Glaives (Chrono Boost)  
  67  7:34  Extended Thermal Lance  
  67  7:35  Robotics Facility  
  67  7:44  Probe x2  
  69  7:58  Protoss Ground Weapons Level 1 (Chrono Boost), Protoss Ground Armor Level 1 (Chrono Boost)  
  69  8:01  Pylon  
  69  8:05  Pylon  
  69  8:09  Pylon  
  69  8:11  Pylon  
  69  8:18  Colossus (Chrono Boost)  
  75  8:27  Probe x2  
  77  8:38  Shield Battery  
  78  8:43  Observer (Chrono Boost)  
  78  8:45  Zealot x3  
  78  8:48  Sentry x2  
  88  9:00  Probe x2  
  90  9:24  Colossus  
  90  9:25  Colossus  
  102  9:48  Pylon  
  102  9:50  Pylon  
  102  9:53  Photon Cannon  
  102  9:57  Pylon  
  102  10:15  Stalker  
  102  10:16  Stalker x4  
  112  10:35  Disruptor x2  
  118  10:44  Adept  
  118  10:45  Adept  
  118  10:46  Stalker  
  124  10:50  Sentry  
  105  11:22  Stalker x2  
  105  11:23  Stalker x3  
  85  11:43  Stalker  
  81  11:55  Stalker x5  
  91  12:08  Protoss Ground Armor Level 2 (Chrono Boost), Protoss Ground Weapons Level 2 (Chrono Boost)  
  91  12:17  Probe x2  
  93  12:37  Stalker x3  
  93  12:38  Stalker  
  91  12:58  Stalker x2  
  85  13:15  Stalker x2  
  85  13:16  Stalker x2  
  93  13:34  Stalker x2  
  59  14:05  Stalker x4  
  59  14:06  Stalker x2  
  57  14:40  Stargate  
  57  14:41  Nexus, Stargate  
  57  15:04  Sentry  
  57  15:05  Sentry x5  
  69  15:13  Observer  
  70  15:26  Void Ray  
  74  15:46  Probe  
  74  15:47  Probe  
  76  15:54  Stalker x3  
  82  15:57  Stalker  
  82  15:59  Sentry  
  86  16:05  Zealot  
  86  16:10  Probe  
  89  16:13  Assimilator  
  90  16:18  Probe  
  90  16:19  Assimilator  
  90  16:22  Probe  
  91  16:30  Stalker  
  91  16:31  Stalker  
  91  16:32  Sentry x2  
  99  16:47  Templar Archives  
  99  17:04  Sentry, Stalker  
  99  17:05  Stalker x3  
  109  17:20  Pylon  
  109  17:21  Pylon  
  109  17:23  Pylon  
  109  17:33  Stalker x3  
  60  18:11  Immortal  
  60  18:12  Immortal  
  58  18:18  Adept  
  58  18:19  Adept  
  62  18:22  Adept  
  64  18:27  Zealot  
Show
View Real Time Build Order
Export as new Build Order

ReformedXD Zerg - Winner!

Build Orders: Pool First 

Get SALT Encoding   

  12  0:01  Drone  
  13  0:08  Drone  
  14  0:27  Spawning Pool  
  13  0:30  Extractor  
  13  0:32  Drone  
  14  0:35  Drone  
  14  0:44  Overlord  
  14  1:04  Drone x2  
  16  1:09  Drone  
  17  1:14  Queen  
  19  1:26  Drone  
  19  1:27  Zergling x2  
  21  1:33  Metabolic Boost  
  21  1:53  Extractor  
  20  1:56  Drone  
  20  1:57  Drone  
  22  2:14  Lair  
  22  2:15  Hatchery  
  21  2:32  Overlord x2  
  21  2:36  Drone  
  22  3:01  Drone x3  
  25  3:15  Evolution Chamber  
  25  3:17  Zergling x2  
  25  3:28  Zergling x2  
  25  3:29  Queen  
  25  3:30  Drone  
  29  3:37  Zergling x6  
  29  3:38  Zergling x2  
  33  3:44  Zerg Melee Weapons Level 1  
  33  3:49  Drone  
  34  4:03  Zergling x4  
  37  4:10  Drone x2  
  37  4:11  Lair  
  37  4:13  Drone  
  40  4:17  Drone  
  40  4:31  Zergling x6  
  43  4:45  Roach Warren  
  42  4:46  Drone  
  43  5:05  Drone  
  44  5:07  Overlord x3  
  44  5:18  Overlord x2  
  44  5:19  Overlord  
  44  5:26  Spire, Glial Reconstitution  
  43  5:55  Roach x2  
  43  5:56  Roach  
  49  5:58  Drone x6  
  46  6:27  Roach x2  
  46  6:31  Zerg Ground Armor Level 1  
  47  6:33  Drone x5  
  52  6:46  Zerg Flyer Weapons Level 1  
  52  6:48  Mutalisk x2  
  56  6:59  Extractor, Hatchery  
  56  7:00  Extractor  
  53  7:02  Drone x2  
  53  7:03  Drone  
  53  7:07  Mutalisk  
  53  7:08  Mutalisk x3  
  64  7:41  Drone  
  64  7:42  Drone x3  
  64  7:43  Overlord x2  
  68  7:48  Mutalisk x3  
  74  8:04  Pneumatized Carapace, Hatchery  
  73  8:12  Infestation Pit  
  72  8:13  Drone x2  
  72  8:17  Mutalisk  
  76  8:20  Queen  
  76  8:21  Drone  
  79  8:30  Corruptor  
  79  8:32  Corruptor  
  83  8:34  Zergling x2  
  83  8:35  Zergling x6  
  87  8:44  Drone x3  
  90  8:50  Hive  
  90  9:01  Drone  
  91  9:03  Lair  
  91  9:06  Mutalisk  
  93  9:16  Queen  
  95  9:17  Drone  
  96  9:41  Mutalisk x2  
  96  9:42  Mutalisk x2  
  104  9:47  Drone x2  
  104  9:50  Overlord x5  
  104  9:52  Drone x3  
  109  9:53  Drone x3  
  109  9:57  Extractor  
  109  9:59  Extractor  
  110  10:06  Mutalisk, Hive  
  112  10:11  Drone x3  
  115  10:15  Extractor  
  115  10:16  Extractor  
  113  10:35  Overseer  
  113  10:36  Overseer x2  
  113  10:40  Zerg Flyer Armor Level 1  
  113  10:42  Zerg Missile Weapons Level 1  
  113  10:59  Mutalisk x2  
  87  11:43  Drone x6  
  93  11:51  Hive  
  93  12:00  Mutalisk x2  
  93  12:01  Mutalisk  
  97  12:06  Drone  
  97  12:07  Drone x2  
  102  12:10  Mutalisk x3  
  108  12:25  Mutalisk  
  108  12:26  Mutalisk x4  
  98  13:10  Mutalisk  
  98  13:11  Mutalisk x2  
  102  13:12  Mutalisk  
  102  13:13  Mutalisk x4  
  102  13:14  Mutalisk x2  
  116  13:22  Drone  
  116  13:24  Overlord x5  
  117  13:28  Drone x3  
  117  13:30  Lair  
  104  14:14  Mutalisk x5  
  104  14:16  Mutalisk  
  104  14:17  Mutalisk x2  
  116  14:19  Mutalisk x3  
  116  14:20  Mutalisk  
  116  14:21  Mutalisk x2  
  132  14:36  Zerg Ground Armor Level 2  
  132  14:40  Zerg Flyer Weapons Level 2  
  132  14:54  Hatchery  
  131  15:16  Spire  
  130  15:21  Ultralisk Cavern  
  129  15:30  Overseer x2  
  129  15:34  Drone  
  127  15:43  Hatchery  
  126  16:03  Spire  
  125  16:08  Evolution Chamber, Chitinous Plating  
  124  16:11  Ultralisk  
  124  16:12  Ultralisk x3  
  148  16:18  Corruptor  
  148  16:19  Corruptor  
  152  16:27  Queen  
  152  16:28  Drone x3  
  157  16:45  Greater Spire  
  157  16:55  Extractor  
  157  16:56  Extractor  
  155  17:12  Drone  
  155  17:13  Drone x2  
  160  17:17  Lair  
  158  17:29  Mutalisk x3  
  158  17:32  Zergling x6  
  158  17:35  Zergling x6  
  170  17:37  Zergling x2  
  170  17:38  Zergling x4  
  161  18:17  Queen  
  164  18:20  Drone x3  
  164  18:23  Drone x3  
Tags
 
Add a new tag
Caveats
  • Supply blocks, unpowered buildings, or Contaminate may cause inaccurate times.
  • Supply counts are checked every 10 seconds.